 Dungeon Crawl Stone Soup version 0.27.1-34-g3ba077fa99 (webtiles) character file.

Game seed: 11728740789542939706

291 MisterFreud the Digger (level 6, 0/47 HPs)
             Began as a Gnoll Wanderer on Jan 1, 2022.
             Was a Believer of Ashenzari.
             Slain by a hornet zombie (11 damage)
             ... on level 6 of the Dungeon.
             The game lasted 00:05:15 (3384 turns).

MisterFreud the Digger (Gnoll Wanderer)             Turns: 3384, Time: 00:05:16

Health: 0/47       AC:  2    Str: 11    XL:     6   Next: 32%
Magic:  8/8        EV: 14    Int: 13    God:    Ashenzari [**....]
Gold:   121        SH:  5    Dex: 12    Spells: 8/8 levels left

rFire    . . .     SeeInvis +   a - +2 spear of the Unyielding Gaze {Comp, Fort} (curse)
rCold    . . .     Faith    .   r - +0 buckler of Ashenzari's Sun {Melee, Cun} (curse)
rNeg     . . .     Spirit   .   d - +0 robe of the Eye in the Sky {Fort, Elem} (curse)
rPois    .         Reflect  .   (no helmet)
rElec    .         Harm     .   (no cloak)
rCorr    .         Rampage  .   (no gloves)
Will     .....                  (no boots)
Stlth    +++.......             m - amulet "Shackled Portent" {Regen+, Cun, Comp} (curse)
HPRegen  1.15/turn              (no ring)
MPRegen  0.11/turn              (no ring)

@: very slightly contaminated, invisible
A: fangs 1, strong nose, distributed training
a: Renounce Religion, Shatter the Chains


You were on level 6 of the Dungeon.
You worshipped Ashenzari.
Ashenzari was pleased with you.
You visited 1 branch of the dungeon, and saw 6 of its levels.

You collected 121 gold pieces.

Inventory:

Hand Weapons
 a - the cursed +2 spear of the Unyielding Gaze (weapon) {Comp, Fort}

   It has a curse which improves the following skills: Companions: Summonings
   and Necromancy.
   Fortitude: Armour and Shields.
 e - a +0 dagger
Missiles
 q - 2 boomerangs (quivered)
Armour
 d - the cursed +0 robe of the Eye in the Sky (worn) {Fort, Elem}

   It has a curse which improves the following skills: Fortitude: Armour and
   Shields.
   Elements:  Fire Magic, Ice Magic, Air Magic and Earth Magic.
 r - the cursed +0 buckler of Ashenzari's Sun (worn) {Melee, Cun}
   (You found it on level 3 of the Dungeon)

   It has a curse which improves the following skills: Melee Combat: Short
   Blades, Long Blades, Axes, Maces & Flails, Polearms, Staves and Unarmed
   Combat.
   Cunning:   Dodging and Stealth.
Jewellery
 m - the cursed amulet "Shackled Portent" (around neck) {Regen+, Cun, Comp}
   (You found it on level 2 of the Dungeon)

   [amulet of regeneration]

   Regen:     It increases your rate of health regeneration.
   It has a curse which improves the following skills: Cunning: Dodging and
   Stealth.
   Companions: Summonings and Necromancy.
Wands
 u - a wand of mindburst (16)
Scrolls
 c - 2 scrolls of teleportation
 f - a scroll of enchant weapon
 g - a scroll of silence
 l - a scroll of torment
 n - a scroll of amnesia
 p - 3 scrolls of enchant armour
 s - 3 scrolls of magic mapping
 t - a scroll of blinking
 v - a scroll of fog
Potions
 b - 3 potions of curing
 h - a potion of flight
 j - 3 potions of brilliance
 k - 2 potions of mutation
 o - 2 potions of heal wounds
 w - 2 potions of haste


   Skills:
 + Level 3.2 Fighting
 + Level 1.9(3.0) Short Blades
 + Level 1.9(3.0) Long Blades
 + Level 1.9(3.0) Axes
 + Level 1.9(3.0) Maces & Flails
 + Level 3.2(4.5) Polearms
 + Level 1.9(3.0) Staves
 + Level 1.9 Slings
 + Level 1.9 Bows
 + Level 1.9 Crossbows
 + Level 1.9 Throwing
 + Level 1.9(3.6) Armour
 + Level 5.0(7.2) Dodging
 + Level 4.6(6.8) Stealth
 + Level 3.2(5.2) Shields
 + Level 1.9(3.0) Unarmed Combat
 + Level 1.9 Spellcasting
 + Level 1.5 Conjurations
 + Level 1.5 Hexes
 + Level 1.5(3.1) Summonings
 + Level 1.5(3.1) Necromancy
 + Level 1.5 Translocations
 + Level 1.5 Transmutations
 + Level 1.5(2.5) Fire Magic
 + Level 1.5(2.5) Ice Magic
 + Level 1.5(2.5) Air Magic
 + Level 5.6(7.1) Earth Magic
 + Level 1.5 Poison Magic
 + Level 2.1 Invocations
 + Level 1.9 Evocations


You had 8 spell levels left.
You didn't know any spells.
Your spell library contained the following spells:

 Spells                   Type           Power      Damage    Failure   Level
 Sublimation of Blood     Necr           4%         N/A       11%         2
 Petrify                  Tmut/Erth      12%        N/A       41%         4
 Irradiate                Conj/Tmut      2%         3d14      98%         5


Dungeon Overview and Level Annotations

Branches:
Dungeon (6/15)             Temple (0/1) D:4

Altars:
Ashenzari
Dithmenos

Annotations:
D:5 Edmund


Innate Abilities, Weirdness & Mutations

You have very sharp teeth.
Your uncanny sense of smell can sniff out nearby items.
Your experience applies equally to all skills.


Message History

You hit the hornet zombie but do no damage.
The hornet zombie is lightly damaged.
The hornet zombie hits you!
You hit the hornet zombie.
The hornet zombie is lightly damaged.
The hornet zombie misses you.
You closely miss the hornet zombie.
The hornet zombie is lightly damaged.
The hornet zombie hits you!
You hit the hornet zombie.
The hornet zombie is lightly damaged.
The hornet zombie misses you.
You barely miss the hornet zombie.
The hornet zombie is lightly damaged.
The hornet zombie closely misses you.
You closely miss the hornet zombie.
The hornet zombie is lightly damaged.
The hornet zombie hits you.
You hit the hornet zombie.
The hornet zombie is moderately damaged.
You block the hornet zombie's attack. The hornet zombie hits you!
* * * LOW HITPOINT WARNING * * *
You hit the hornet zombie.
The hornet zombie is moderately damaged.
The hornet zombie misses you.
You barely miss the hornet zombie.
The hornet zombie is moderately damaged.
The hornet zombie hits you.
* * * LOW HITPOINT WARNING * * *
Unknown command.
You fade into invisibility!
The hornet zombie barely misses you.
You are very lightly contaminated with residual magic.
You closely miss the hornet zombie.
The hornet zombie is moderately damaged.
The hornet zombie closely misses you.
You hit the hornet zombie.
The hornet zombie is moderately damaged.
The hornet zombie hits you!
You die...

#....#..............)...
#....#..................
,
####.#..................
#.#........(........[ ,
#.#..................
#.#.########....##### *
#.#.# #....#
#.#.########....# # ,
#.#.##.@Z.)...###.# ,
#.#.##.#####......#
#.#.##.# #......# ,
####.#....# ###.###.# ,
, #.........####.....#,#
#......>...........# *,,
#.........####.....# *
#.........#########.#
#................. .#


You could see a hornet zombie.

Vanquished Creatures
  A bullfrog (D:6)
  A hound (D:4)
  A bullfrog skeleton (D:6)
  An orc wizard (D:6)
  A howler monkey skeleton (D:3)
  3 adders
  An ufetubus (D:6)
  2 adder skeletons (D:4)
  2 worms (D:2)
  4 dart slugs
  6 orcs
  10 endoplasms
  4 giant cockroaches
  6 goblins
  7 hobgoblins
  A quokka (D:4)
  7 ball pythons
  7 bats
  3 frilled lizards
  6 kobolds
  4 rats
78 creatures vanquished.

Notes
Turn   | Place    | Note
-------+----------+-------------------------------------------
     0 | D:1      | MisterFreud the Gnoll Wanderer began the quest for the Orb.
     0 | D:1      | MisterFreud set off with the following items: a +2 spear, a
                  | potion of curing, a scroll of teleportation, a +0 robe, a
                  | +0 dagger
     0 | D:1      | Reached XP level 1. HP: 17/17 MP: 1/1
   125 | D:1      | Reached XP level 2. HP: 16/23 MP: 2/2
   463 | D:1      | Reached XP level 3. HP: 28/28 MP: 3/3
   881 | D:2      | Reached skill level 1 in Invocations
   994 | D:2      | Reached skill level 1 in Short Blades
   994 | D:2      | Reached skill level 1 in Long Blades
   994 | D:2      | Reached skill level 1 in Axes
   994 | D:2      | Reached skill level 1 in Maces & Flails
   994 | D:2      | Reached skill level 1 in Staves
   994 | D:2      | Reached skill level 1 in Slings
   994 | D:2      | Reached skill level 1 in Bows
   994 | D:2      | Reached skill level 1 in Crossbows
   994 | D:2      | Reached skill level 1 in Throwing
   994 | D:2      | Reached skill level 1 in Armour
   994 | D:2      | Reached skill level 1 in Unarmed Combat
   994 | D:2      | Reached skill level 1 in Spellcasting
   994 | D:2      | Reached skill level 1 in Evocations
  1332 | D:2      | Reached XP level 4. HP: 34/34 MP: 5/5
  1510 | D:3      | Found a faded altar of an unknown god.
  1583 | D:3      | Became a worshipper of Ashenzari the Shackled
  1987 | D:3      | Reached skill level 1 in Conjurations
  1987 | D:3      | Reached skill level 1 in Hexes
  1987 | D:3      | Reached skill level 1 in Summonings
  1987 | D:3      | Reached skill level 1 in Necromancy
  1987 | D:3      | Reached skill level 1 in Translocations
  1987 | D:3      | Reached skill level 1 in Transmutations
  1987 | D:3      | Reached skill level 1 in Fire Magic
  1987 | D:3      | Reached skill level 1 in Ice Magic
  1987 | D:3      | Reached skill level 1 in Air Magic
  1987 | D:3      | Reached skill level 1 in Poison Magic
  2182 | D:3      | Reached * piety under Ashenzari
  2580 | D:4      | Found a staircase to the Ecumenical Temple.
  2583 | D:4      | Reached ** piety under Ashenzari
  2736 | D:4      | Reached XP level 5. HP: 40/40 MP: 5/7
  2873 | D:4      | Found a shadowy altar of Dithmenos.
  3163 | D:5      | Entered Level 5 of the Dungeon
  3163 | D:5      | Noticed Edmund
  3165 | D:5      | Noticed a vampire mosquito
  3165 | D:5      | Noticed a vampire mosquito
  3167 | D:5      | Noticed a vampire mosquito
  3174 | D:5      | Noticed a phantom
  3235 | D:6      | Reached XP level 6. HP: 38/47 MP: 8/8
  3372 | D:6      | Reached skill level 5 in Dodging
  3384 | D:6      | Slain by a hornet zombie

Illustrated notes

Levels and vault maps discovered:
D:1:      lightli_arrival_statue_moat, layout_rooms,
          chequers_serial_rivers_small_a
D:2:      cheibrodos_old_hovel, layout_basic
D:3:      layout_basic, shapermc_ecumenical_altar_mp_highgroup
D:4:      layout_gridville, nicolae_dithmenos_the_darkroom,
          lemuel_temple_firewalk_b
D:5:      layout_loops_ring, serial_glass, glass_columns_b, glass_columns_b,
          minivault_11, uniq_edmund
D:6:      layout_basic, bh_walls_and_bars

Skill      XL: |  1  2  3  4  5  6 |
---------------+-------------------+-----
Invocations    | 1 2 |  2.1
Short Blades   | 1 |  1.9
Long Blades    | 1 |  1.9
Axes           | 1 |  1.9
Maces & Flails | 1 |  1.9
Staves         | 1 |  1.9
Slings         | 1 |  1.9
Bows           | 1 |  1.9
Crossbows      | 1 |  1.9
Throwing       | 1 |  1.9
Armour         | 1 |  1.9
Unarmed Combat | 1 |  1.9
Spellcasting   | 1 |  1.9
Evocations     | 1 |  1.9
Conjurations   | 1 |  1.5
Hexes          | 1 |  1.5
Summonings     | 1 |  1.5
Necromancy     | 1 |  1.5
Translocations | 1 |  1.5
Transmutations | 1 |  1.5
Fire Magic     | 1 |  1.5
Ice Magic      | 1 |  1.5
Air Magic      | 1 |  1.5
Poison Magic   | 1 |  1.5
Fighting       | 3 |  3.2
Polearms       | 3 |  3.2
Shields        | 3 |  3.2
Dodging        | 5 |  5.0
Stealth        | |  4.6
Earth Magic    | |  5.6

Action                   |  1- 3 |  4- 6 || total
-------------------------+-------+-------++-------
Melee: Spear             |   106 |   188 ||   294
       Bite              |     4 |    11 ||    15
Invok: Curse Item        |       |     4 ||     4
  Use: Scroll            |       |     1 ||     1
       Potion            |       |     1 ||     1
 Stab: Sleeping          |    12 |    15 ||    27
Armor: Robe              |    10 |     8 ||    18
Dodge: Dodged            |    41 |    91 ||   132
Block: Buckler           |       |    27 ||    27
